AoeStats
← Infadel

Arabia

510379809Analyzed
1v1 RM · 11h ago on Sep 30, 2026· 43m 5s· 2 players
Game mode
Random Map
Map size
Tiny (2 player)
Population
200
Speed
Normal
Resources
Standard
Victory
Conquest
Starting age
Dark Age
Ending age
Imperial Age
RankedLock teamsTeams togetherTeam positionsShared explorationLock speedFull tech treeHidden civsTurbo modeCheats
Victory
Defeat
🇨🇳 Saxons · China
1099
+16
🇮🇳 Mongols · India
1089
-16
Infadel
9:04 Feudal Age
8:16 Loom
9:50 Double-Bit Axe
14:36 Fletching
21:55 Castle Age
20:00 Stone Mining
20:59 Gold Mining
26:22 Bow Saw
29:02 Wheelbarrow
28:13 Town Watch
29:06 Horse Collar
32:49 Hand Cart
32:41 Bodkin Arrow
32:47 Padded Archer Armor
34:39 Stone Shaft Mining
34:40 Gold Shaft Mining
36:18 Light Cavalry
37:08 Bloodlines
42:38 Imperial Age
42:08 Scale Barding Armor
42:14 Forging
42:56 Crossbowman
南方增长天王
7:34 Loom
7:41 Loom
10:25 Feudal Age
15:27 Castle Age
19:03 Wheelbarrow
18:13 Town Watch
18:27 Double-Bit Axe
23:29 Town Watch
25:33 Pikeman
26:49 Arson
29:15 Horse Collar
30:12 Guard Tower
30:39 Fletching
32:49 Ballistics
32:10 Treadmill Crane
32:41 Masonry
34:34 Bow Saw
35:17 Bloodlines
35:54 Hand Cart
37:53 Gold Mining
37:53 Stone Mining
38:24 Bodkin Arrow
38:36 Scale Barding Armor
38:32 Scale Mail Armor
38:43 Forging
42:03 Imperial Age
40:04 Heavy Plow
40:56 Squires
40:58 Scale Mail Armor
41:09 Forging
41:37 Gambesons
41:12 Man-at-Arms
42:11 Chain Mail Armor
42:16 Town Patrol
42:09 Halberdier
43:26 Iron Casting
42:54 Bracer
43:20 Conscription
43:28 Padded Archer Armor
43:58 Plate Mail Armor
Connection lost

Rejoining the realm…

Still unreachable

The connection could not be restored.

Session expired

The server has moved on; the page needs a fresh start.